[Event "*** Titled Tuesday Blitz"]
[Site "Chess.com"]
[Date "2018.09.04"]
[Round "5"]
[White "wannabe2700"]
[Black "jk13"]
[Result "0-1"]
[WhiteElo "2578"]
[BlackElo "2547"]
[TimeControl "180+2"]
[EndTime "14:40:10 PDT"]
[Termination "jk13 won by checkmate"]

1. d4 e6 2. c4 Nf6 3. Nf3 Bb4+ 4. Bd2 Bxd2+ 5. Qxd2 O-O 6. Nc3 d5 7. g3 c6 8. Bg2 Nbd7 9. O-O b6 10. a4 a5 11.
Rfc1 Ba6 12. cxd5 exd5 13. Ne5 Nxe5 14. dxe5 Nd7 15. f4 Nc5 16. Qc2 f6 17. exf6 Qxf6 18. e4 Qd4+ 19. Kh1 Bd3 20. Rd1 Bxc2 21. Rxd4 Nb3 22.
exd5 Nxd4 23. dxc6 Rac8 24. Rc1 Bb3 25. Nb5 Nxb5 26.
axb5 Rc7 27. Kg1 Rd8 28. Bh3 Rd1+ 29. Rxd1 Bxd1 30. Bf1 Kf7 31. Kf2 Ke7 32. Ke3 Kd6 33.
Kd4 Bb3 34. Bd3 h6 35. Bf5 Bd5 36. Bd7 Bg2 37. Be8 Bf1 38. g4 Bxb5 39. g5 hxg5 40. fxg5 Bxc6 41. Bg6 Re7 42. h4 Re5 43. Bd3 b5 44.
Bc2 b4 45. Bd3 a4 46. Bc2 a3 47. bxa3 bxa3 48. Bb3 Re4+ 49. Kd3 Rxh4 50. Ba2 Kc5 51. g6 Kb4 52. Ke3 Rh2 53. Bg8 Ba4 54. Kf4 Bb3 55.
Bf7 a2 56. Ke5 a1=Q+ 57. Kd6 Qd4+ 58. Ke7 Qc5+ 59. Ke8 Re2+ 60. Kd8 Re7 61. Be8 Qc7# 0-1

[Event "*** Titled Tuesday Blitz"]
[Site "Chess.com"]
[Date "2018.09.04"]
[Round "5"]
[White "Mbneu"]
[Black "BlackBoarder"]
[Result "0-1"]
[WhiteElo "2266"]
[BlackElo "2441"]
[TimeControl "180+2"]
[EndTime "14:40:10 PDT"]
[Termination "BlackBoarder won by resignation"]

1. d4 Nf6 2. c4 e6 3. Nc3 Bb4 4. Bg5 h6 5. Bh4 b6 6. Nf3 g5 7.
Bg3 Ne4 8. Qb3 Nc6 9. O-O-O Bxc3 10. bxc3 Na5 11. Qc2 f5 12. e3 Qe7 13. Nd2 Qa3+ 14.
Qb2 Qxc3+ 15. Qxc3 Nxc3 16. Re1 Nxa2+ 17. Kb2 Nb4 18.
h4 g4 19. Bxc7 Ba6 20. c5 Bxf1 21. Rexf1 Rc8 22. Bd6 bxc5 23. Bxc5 Nd3+ 24. Kc3 Nxc5 25. dxc5 Rxc5+ 26. Kb4 Rd5 27. Nc4 Nxc4 28. Kxc4 Ke7 29. Ra1 Rc8+ 30. Kb4 Rb8+ 31. Kc4 a5 32. Rhb1 Rxb1 33.
Rxb1 Rd2 0-1

[Event "*** Titled Tuesday Blitz"]
[Site "Chess.com"]
[Date "2018.09.04"]
[Round "5"]
[White "GadimbayliA"]
[Black "pouya21"]
[Result "1-0"]
[WhiteElo "2674"]
[BlackElo "2655"]
[TimeControl "180+2"]
[EndTime "14:40:11 PDT"]
[Termination "GadimbayliA won by resignation"]

1. e4 c5 2. Nf3 d6 3. d4 cxd4 4.
Nxd4 Nf6 5. Nc3 a6 6. Qd3 Nbd7 7. Be2 b5 8. a4 b4 9. Nd5 Bb7 10. Nxf6+ Nxf6 11. Bf3 Qc7 12. O-O e6 13. Bd2 d5 14.
exd5 Bxd5 15. c3 Rd8 16. Qxa6 Bxf3 17. Nxf3 Bd6 18. Qb5+ Ke7 19. cxb4 Bxh2+ 20. Kh1 Rd5 21. Qxd5 Nxd5 22. Nxh2 Qc2 23. Nf3 Ra8 24. a5 f6 25.
b5 g5 26. b6 Rb8 27. Be3 Nxe3 28. fxe3 Qxb2 29. Nd4 Kd6 30. Rfb1 Qd2 31. a6 Qxe3 32. a7 Ra8 33. b7 Qxd4 34. b8=Q+ 1-0

[Event "*** Titled Tuesday Blitz"]
[Site "Chess.com"]
[Date "2018.09.04"]
[Round "5"]
[White "Rodalquilar"]
[Black "Aryangholami"]
[Result "0-1"]
[WhiteElo "2478"]
[BlackElo "2725"]
[TimeControl "180+2"]
[EndTime "14:40:13 PDT"]
[Termination "Aryangholami won on time"]

1. d4 Nf6 2. c4 e6 3. Nc3 Bb4 4. Qc2 b6 5. e4 c5 6. e5 Ng8 7. a3 Bxc3+ 8. bxc3 cxd4 9. cxd4 Bb7 10.
h4 Ne7 11. h5 h6 12. Rh4 d6 13.
exd6 Nf5 14. Rg4 Qxd6 15. Bb2 Nd7 16. Bd3 Nf6 17. Bxf5 exf5 18. Qxf5 Nxg4 19. Qxg4 O-O 20. d5 Rfe8+ 21. Ne2 f6 22. Kf1 Rac8 23. Ng3 Qc7 24. Rc1 Rcd8 25. Nf5 Bc8 26. Nxh6+ Kf8 27. Qg6 Rd6 28.
Nf5 Bxf5 29. Qxf5 Qd7 30. Qh7 Qg4 31. Kg1 f5 32. f3 Qg5 33. f4 Qg4 34. a4 Rh6 35.
Ba3+ Kf7 0-1

[Event "*** Titled Tuesday Blitz"]
[Site "Chess.com"]
[Date "2018.09.04"]
[Round "5"]
[White "VladDobrov"]
[Black "martinmartinez95"]
[Result "1-0"]
[WhiteElo "2700"]
[BlackElo "2430"]
[TimeControl "180+2"]
[EndTime "14:40:14 PDT"]
[Termination "VladDobrov won by resignation"]

1. d4 Nf6 2. c4 g6 3. g3 Bg7 4.
Bg2 O-O 5. Nc3 d6 6. Nf3 Nc6 7. O-O a6 8. Qd3 Rb8 9. d5 Nb4 10. Qd1 a5 11. a3 Na6 12. Be3 b6 13. h3 Nc5 14. Nd4 Bd7 15. b4 Na6 16. Rb1 e5 17. Nc6 Bxc6 18. dxc6 axb4 19. axb4 Ra8 20. Qb3 Re8 21.
Rfd1 Qc8 22. Bg5 Nh5 23. Nd5 f6 24. Bd2 Kh8 25. e3 f5 26. Kh2 Nf6 27. Bc3 Nxd5 28.
Bxd5 Rb8 29. Ra1 b5 30. Ra5 bxc4 31. Qxc4 Rb6 32. Rda1 Nb8 33. b5 e4 34. Bd4 Bxd4 35. Qxd4+ Re5 36. Bc4 Kg7 37. Ra7 Kh6 38. Ra8 Qd8 39.
R1a7 g5 40. Qxb6 cxb6 41. c7 Qc8 42. Rxb8 1-0

[Event "*** Titled Tuesday Blitz"]
[Site "Chess.com"]
[Date "2018.09.04"]
[Round "5"]
[White "Blitzstream"]
[Black "r31415"]
[Result "1-0"]
[WhiteElo "2586"]
[BlackElo "2373"]
[TimeControl "180+2"]
[EndTime "14:40:17 PDT"]
[Termination "Blitzstream won by checkmate"]

1. g4 e5 2. Bg2 g6 3. h4 h5 4. g5 Bg7 5. c4 c6 6. Nc3 d6 7. f4 exf4 8. d4 Ne7 9. Bxf4 Qb6 10. e3 Qxb2 11. Nge2 Bg4 12. O-O Qa3 13. Rb1 b6 14. Rb3 Qa6 15. Nb5 Kd7 16. Ra3 Qc8 17. Nxd6 Qf8 18.
Qa4 Bxe2 19. Qxa7+ Rxa7 20. Rxa7+ Kd8 21. Nb7+ Kc8 22. Nd6+ Kd8 23. Rb1 Nc8 24. Nxc8 Kxc8 25. Rxb6 Be5 26. Bxe5 Nd7 27. Ra8+ Nb8 28. Raxb8+ Kd7 29.
Bxc6+ Ke6 30. Bd5+ Kf5 31. Rf6+ Kg4 32. Rf4+ Kh3 33.
Bg2+ Kg3 34. Re4# 1-0

[Event "*** Titled Tuesday Blitz"]
[Site "Chess.com"]
[Date "2018.09.04"]
[Round "5"]
[White "rasmussvane"]
[Black "Cryptochess"]
[Result "0-1"]
[WhiteElo "2683"]
[BlackElo "2526"]
[TimeControl "180+2"]
[EndTime "14:40:20 PDT"]
[Termination "Cryptochess won by resignation"]

1. Nf3 Nf6 2. c4 e6 3. g3 d5 4. Bg2 dxc4 5. O-O Be7 6. Na3 c5 7. Nxc4 Nc6 8. b3 O-O 9. Bb2 Bd7 10. d4 cxd4 11. Nxd4 Nxd4 12. Qxd4 Bc6 13. Bxc6 bxc6 14.
Rac1 c5 15. Qxd8 Rfxd8 16. Bxf6 Bxf6 17. Rc2 a5 18. Nb6 Rab8 19. Na4 c4 20. Rxc4 Rd2 21.
Rfc1 g5 22. R4c2 Rbd8 23. Kf1 Be7 24. Nc5 Rxc2 25. Rxc2 Rc8 26. Rd2 Rxc5 27. Rd7 Bf6 28. Ra7 h5 29. h3 Kg7 30. Kg2 Kg6 31. Kf3 Bc3 32. a3 Bb2 33. b4 axb4 34. axb4 Rb5 35. Ra8 Rxb4 36. Rg8+ Kf6 37. e3 Bc3 38. Rc8 Be5 39. g4 hxg4+ 40. hxg4 Kg7 41. Rc5 Bf6 42. Ra5 Rb2 43. Rc5 Be7 44. Ra5 Kg6 45. Ra8 Bb4 46.
Rg8+ Kf6 47. Rh8 Be1 48. Rh6+ Kg7 49. Rh2 Kg6 50. Rg2 f5 51. gxf5+ exf5 52. e4 fxe4+ 53.
Ke3 Kf5 54. Rh2 Bd2+ 55. Kd4 Bf4 0-1

[Event "*** Titled Tuesday Blitz"]
[Site "Chess.com"]
[Date "2018.09.04"]
[Round "5"]
[White "akretchetov"]
[Black "BigAl"]
[Result "0-1"]
[WhiteElo "2228"]
[BlackElo "2086"]
[TimeControl "180+2"]
[EndTime "14:40:21 PDT"]
[Termination "BigAl won by resignation"]

1. Nf3 Nf6 2. c4 g6 3. Nc3 Bg7 4. e4 O-O 5. d4 d6 6. h3 e5 7. d5 Nh5 8. g3 c6 9. Be2 Na6 10. Nh2 Nf6 11. Ng4 cxd5 12. cxd5 Qb6 13. O-O Ne8 14. Kh2 f5 15. Ne3 Nc5 16. Nc4 Qd8 17.
f3 Nf6 18. b4 Na6 19. Rb1 Nh5 20. Bd2 Nc7 21. f4 exf4 22. Bxh5 fxg3+ 23. Kg2 gxh5 24. Qxh5 b5 25. Ne3 f4 26. Nf5 Bxf5 27. exf5 Qe8 28.
Qg4 Qf7 29. f6 Qxf6 30. Rxf4 Qe5 31. Re1 Rxf4 32. Qxf4 Qxf4 33. Bxf4 Bxc3 34. Re3 Bxb4 35.
Rxg3+ Kf7 36. Rf3 Ke7 37. Bg5+ Ke8 38. Bh6 Bc5 39. Rf8+ Kd7 40. Rf7+ Kc8 41. Rf8+ Kb7 42. Rf7 Kb6 43. Bg5 Rg8 0-1

[Event "*** Titled Tuesday Blitz"]
[Site "Chess.com"]
[Date "2018.09.04"]
[Round "5"]
[White "metra93"]
[Black "Justmig"]
[Result "1-0"]
[WhiteElo "2500"]
[BlackElo "2629"]
[TimeControl "180+2"]
[EndTime "14:40:26 PDT"]
[Termination "metra93 won on time"]

1. d4 d5 2. c4 c6 3. Nc3 Nf6 4. Bg5 dxc4 5. a4 e6 6. e4 Bb4 7.
Bxf6 Qxf6 8. Bxc4 e5 9. Qb3 exd4 10. Qxb4 dxc3 11. Qxc3 Qxc3+ 12. bxc3 O-O 13. Ne2 Re8 14. f3 Nd7 15. O-O Ne5 16. Bb3 Nd3 17. Rfd1 Nc5 18. Bc4 Kf8 19. a5 Be6 20. Bxe6 Rxe6 21. Nf4 Re7 22.
Nd3 Nxd3 23. Rxd3 Ke8 24. Rad1 f6 25. Kf2 Rc8 26. g4 a6 27. Rd6 Re5 28. Rd7 Re7 29.
Rxe7+ Kxe7 30. Ke3 c5 31. c4 Rd8 32. Rd5 Rc8 33. h4 Rc7 34. f4 Rc6 35. f5 h6 36. Kf4 Rc7 37. e5 fxe5+ 38. Kxe5 Rc6 39. g5 hxg5 40. hxg5 Rc8 41. Rd6 Rc7 42. Re6+ Kf7 43. g6+ Kf8 44. Kd6 Rc6+ 45. Kd7 1-0

[Event "*** Titled Tuesday Blitz"]
[Site "Chess.com"]
[Date "2018.09.04"]
[Round "5"]
[White "LordIron"]
[Black "lexisvar"]
[Result "0-1"]
[WhiteElo "2238"]
[BlackElo "2447"]
[TimeControl "180+2"]
[EndTime "14:40:30 PDT"]
[Termination "lexisvar won on time"]

1. d4 Nf6 2. Nf3 e6 3. c4 b6 4. g3 Ba6 5. b3 b5 6. Bg2 bxc4 7. Ne5 Bb4+ 8. Bd2 cxb3 9. axb3 Bxd2+ 10. Nxd2 c6 11. O-O O-O 12. Ndc4 d5 13. Na5 Bb5 14. Qd2 Nfd7 15. Nd3 Qb6 16. Rfc1 Qxd4 17. Qb4 Qxb4 18. Nxb4 Bxe2 19. Nbxc6 Nxc6 20. Nxc6 a6 21. b4 Bb5 22.
Bf1 Nb6 23. Rc5 Na4 24. Rc2 g6 25. Nd4 Bxf1 26. Kxf1 Nb6 27. Rc6 Rfb8 28. Nf3 Nc4 29. Rc7 h6 30. Ra4 Nb2 31. Ra5 Rxb4 32. Ne5 Nc4 33.
Nxc4 Rxc4 34. Rxc4 dxc4 35. Ke2 Kg7 36. Kd2 Rb8 37.
Rxa6 Rb2+ 38. Ke1 Rc2 39. Rc6 Kf6 40. h3 Ke5 41. Kd1 Rxf2 42. Rxc4 Rf3 43. Rc7 Kf6 0-1

[Event "*** Titled Tuesday Blitz"]
[Site "Chess.com"]
[Date "2018.09.04"]
[Round "5"]
[White "Squirlolz"]
[Black "Marcus_Harvey"]
[Result "1-0"]
[WhiteElo "2489"]
[BlackElo "2685"]
[TimeControl "180+2"]
[EndTime "14:40:35 PDT"]
[Termination "Squirlolz won by resignation"]

1. e4 e6 2. d4 d5 3. Nd2 h6 4. Ngf3 Nf6 5. e5 Nfd7 6. c3 c5 7. Bd3 Nc6 8. O-O g5 9. b3 cxd4 10. cxd4 g4 11. Ne1 Nxd4 12. Qxg4 Qb6 13. Nef3 Nc6 14.
Qh5 Nc5 15. Be2 Bd7 16. Bb2 O-O-O 17. Rac1 Kb8 18. Qxf7 Be7 19. Nd4 Bg5 20. Nxc6+ Bxc6 21. Bd4 Rhf8 22. Qh7 Qc7 23. Qxc7+ Kxc7 24. Bxc5 Bxd2 25. Rc2 Bf4 26. Bxf8 Rxf8 27. Bg4 Bxe5 28. Bxe6 Kd6 29. Bg4 d4 30. g3 Be4 31. Rd2 Kd5 32. Bh3 d3 33.
Bg2 Bxg2 34. Kxg2 Ke4 35. Re1+ 1-0

[Event "*** Titled Tuesday Blitz"]
[Site "Chess.com"]
[Date "2018.09.04"]
[Round "5"]
[White "AlexanderL"]
[Black "Arash_Tahbaz"]
[Result "1/2-1/2"]
[WhiteElo "2818"]
[BlackElo "2743"]
[TimeControl "180+2"]
[EndTime "14:40:37 PDT"]
[Termination "Game drawn by agreement"]

1. Nf3 g6 2. e4 Bg7 3. d4 d6 4. Bd3 Nd7 5. O-O e5 6. c3 Ngf6 7. Re1 O-O 8. Nbd2 b6 9. Nc4 Re8 10. dxe5 dxe5 11. b4 Bb7 12. Qc2 Nh5 13. Bf1 h6 14. a4 a6 15. Be3 Nf8 16. Nfd2 Ne6 17. f3 Qf6 18. Nb3 Rad8 19. Red1 Nhf4 20. Rxd8 Rxd8 21.
Rd1 Ng5 22. Rxd8+ Qxd8 23. a5 b5 24. Nc5 Bc8 25. Nb2 f5 26. Nbd3 Nxd3 27. Qxd3 Qe8 28. Qd5+ Ne6 29. Qa8 f4 30. Bf2 Nxc5 31. Bxc5 c6 32.
c4 Qd7 33. cxb5 cxb5 34. h3 Kh7 35. Qb8 h5 36. Qb6 g5 37. Qd6 Qxd6 38. Bxd6 Kg6 39.
Kf2 Kf7 40. Bd3 Be6 41. Bc5 Ke8 42. Be2 Kd7 43. Bd3 Bf6 44. Be2 Bg7 45. Bd3 Bf6 1/2-1/2

[Event "*** Titled Tuesday Blitz"]
[Site "Chess.com"]
[Date "2018.09.04"]
[Round "5"]
[White "nochewycandy"]
[Black "inegrepus"]
[Result "1/2-1/2"]
[WhiteElo "2143"]
[BlackElo "2202"]
[TimeControl "180+2"]
[EndTime "14:40:38 PDT"]
[Termination "Game drawn - insufficient material"]

1. c4 e5 2. g3 f5 3. Bg2 Nf6 4. Nc3 Nc6 5. a3 a5 6. d3 Be7 7. e4 d6 8. Nge2 O-O 9. exf5 Bxf5 10. d4 exd4 11. Nxd4 Nxd4 12. Qxd4 Kh8 13. Bxb7 Re8 14. O-O c5 15. Qf4 Bh3 16. Re1 Rb8 17. Bc6 Rf8 18.
Qh4 Bc8 19. Bg5 Rxb2 20. Bf3 Rf7 21. Bd5 Nxd5 22. Nxd5 Bxg5 23. Qxg5 Qf8 24. f4 h6 25. Qh5 Rf5 26. Re8 Rxh5 27. Rxf8+ Kh7 28. Rxc8 Rhxh2 29. Ne3 Rhe2 30. Re8 Kg6 31. Rd1 Kf7 32. Re4 Rb3 33. Rxd6 Rexe3 34. Rxe3 Rxe3 35. Kf2 Rxa3 36. Rc6 Rc3 37.
Rxc5 a4 38. g4 a3 39. Rc7+ Kf6 40. Rc6+ Kf7 41. Rc7+ Kg8 42. f5 a2 43. Ra7 Rxc4 44.
Rxa2 Rxg4 45. Kf3 Rb4 46. Ra6 h5 47. Kg3 h4+ 48. Kh3 Kh7 49. f6 g5 50. f7 Kg7 51.
Rg6+ Kxf7 52. Rxg5 Kf6 53. Rg4 Rxg4 54. Kxg4 Ke6 55.
Kxh4 1/2-1/2

[Event "*** Titled Tuesday Blitz"]
[Site "Chess.com"]
[Date "2018.09.04"]
[Round "5"]
[White "GMWSO"]
[Black "SARGISMV"]
[Result "1-0"]
[WhiteElo "2960"]
[BlackElo "2493"]
[TimeControl "180+2"]
[EndTime "14:40:41 PDT"]
[Termination "GMWSO won by checkmate"]

1. d4 Nf6 2. Bf4 g6 3. Nd2 d5 4.
e3 Bg7 5. Ngf3 O-O 6. Be2 c6 7. O-O Bf5 8. h3 Ne4 9. Nxe4 Bxe4 10. Nd2 Bf5 11. c4 Nd7 12. Qb3 Qb6 13. cxd5 Qxb3 14.
Nxb3 cxd5 15. Rac1 Rfc8 16. g4 Bc2 17. Bb5 Bxb3 18. Bxd7 Rxc1 19. Rxc1 Bxa2 20. Rc7 a5 21. Rxb7 Bf8 22. Bc6 Rc8 23. Rc7 Rb8 24. Rxe7 Bxe7 25. Bxb8 Bb3 26. Ba7 Bb4 27. Bc5 Bd2 28. e4 dxe4 29. d5 Bc1 30. d6 Bxb2 31. d7 Bf6 32. Bb6 a4 33. d8=Q+ Bxd8 34. Bxd8 a3 35. Bf6 Bc2 36. Bd5 Bb1 37. g5 a2 38. h4 Kf8 39. Kg2 Ke8 40. Bc6+ Kf8 41. Kg3 Kg8 42. Kf4 h6 43. Bxe4 hxg5+ 44. hxg5 Kf8 45. Bd5 Kg8 46. Ke5 Kf8 47. Kd6 Ke8 48. Bc6+ Kf8 49. f4 Kg8 50. Bd5 Kf8 51. Ba1 Kg8 52. Ke7 Kh7 53. Bxf7 Bf5 54.
Bxa2 Be6 55. Kxe6 Kg8 56. Kf6+ Kh7 57. Bb1 Kg8 58. Bxg6 Kh8 59. Kf7# 1-0

[Event "*** Titled Tuesday Blitz"]
[Site "Chess.com"]
[Date "2018.09.04"]
[Round "5"]
[White "evgenysharapov"]
[Black "ElHelvetico"]
[Result "1-0"]
[WhiteElo "2433"]
[BlackElo "2633"]
[TimeControl "180+2"]
[EndTime "14:40:42 PDT"]
[Termination "evgenysharapov won by resignation"]

1. e4 c5 2. Nf3 d6 3. d4 cxd4 4.
Nxd4 Nf6 5. Nc3 a6 6. g3 e5 7. Nb3 Be7 8. Bg2 O-O 9. a4 Be6 10. O-O Nbd7 11. Re1 Rc8 12. Nd2 Qc7 13. Nf1 h6 14. Ne3 Rfd8 15. a5 Nc5 16. Ncd5 Bxd5 17.
exd5 g6 18. c4 e4 19. Re2 Nd3 20. b3 Bf8 21. Ba3 Bg7 22. Raa2 Re8 23. b4 Ne5 24. Rec2 Qd7 25. h3 Qa4 26. c5 Nd3 27. cxd6 Nxb4 28. Rxc8 Qxd1+ 29. Nxd1 Rxc8 30. Bxb4 Nxd5 31. Bd2 f5 32.
Ne3 Nf6 33. Rb2 Rd8 34. Rxb7 Rxd6 35. Bc3 Rd3 36. Bxf6 Bxf6 37. Rb6 Bd4 38. Rxg6+ 1-0

[Event "*** Titled Tuesday Blitz"]
[Site "Chess.com"]
[Date "2018.09.04"]
[Round "5"]
[White "pedromartinez91"]
[Black "Quiet_Desperation"]
[Result "1-0"]
[WhiteElo "2398"]
[BlackElo "1905"]
[TimeControl "180+2"]
[EndTime "14:40:45 PDT"]
[Termination "pedromartinez91 won by resignation"]

1. Nf3 d5 2. d4 c6 3. c4 Nf6 4. g3 e6 5. Bg2 Be7 6. O-O Nbd7 7. Nc3 O-O 8. Qd3 b6 9. cxd5 Nxd5 10. a3 Bb7 11. Rd1 Rc8 12. e4 Nxc3 13. bxc3 c5 14. d5 exd5 15. exd5 Bf6 16. Be3 Re8 17.
Rac1 c4 18. Qf5 g6 19. Qf4 Nc5 20. Bxc5 Rxc5 21. d6 Bxf3 22. Qxf3 Bg5 23. Rb1 Re6 24. h4 Bh6 25. d7 Rc7 26. Bh3 Re7 27. Re1 f5 28. Qd5+ Kf8 29. Qd4 Bg7 30. Rxe7 Bxd4 31.
Re8+ Qxe8 32. dxe8=R+ Kxe8 33. cxd4 c3 34. Rc1 b5 35. Bf1 a6 36. Bd3 Ke7 37. Bc2 Kd6 38.
Bb3 a5 39. Kf1 b4 40. axb4 axb4 41. Ke2 Ra7 42. Kd3 Rc7 43. Ra1 h6 44. Ra6+ Ke7 45.
Rxg6 1-0

[Event "*** Titled Tuesday Blitz"]
[Site "Chess.com"]
[Date "2018.09.04"]
[Round "5"]
[White "Lord_Neezy"]
[Black "Ksenia_Legenko"]
[Result "0-1"]
[WhiteElo "2037"]
[BlackElo "2068"]
[TimeControl "180+2"]
[EndTime "14:40:49 PDT"]
[Termination "Ksenia_Legenko won on time"]

1. e4 c6 2. d4 d5 3. e5 Bf5 4.
h4 h5 5. c4 e6 6. Nc3 Nd7 7.
Bg5 Be7 8. Nf3 Nh6 9. Be2 Bg4 10. cxd5 exd5 11. Bxe7 Qxe7 12. Ng5 Bxe2 13. Qxe2 Nf5 14. Nf3 O-O 15. g3 Rfe8 16. O-O Nf8 17. Rad1 Ne6 18. Qc2 g6 19. Ne2 Qb4 20. a3 Qb6 21. Rd3 Rac8 22. b4 a5 23. Rb1 axb4 24. Rxb4 Qa6 25. Rdb3 Rc7 26. Nc3 Rec8 27. Na4 c5 28. dxc5 Nxc5 29. Rc3 Ne6 30. Rxc7 Rxc7 31. Qd2 Qc6 32. Kg2 d4 33. Nb2 Qe4 34. Nc4 Nxh4+ 35. gxh4 Qg4+ 0-1

[Event "*** Titled Tuesday Blitz"]
[Site "Chess.com"]
[Date "2018.09.04"]
[Round "5"]
[White "JSMastropiero"]
[Black "xberli"]
[Result "1-0"]
[WhiteElo "2379"]
[BlackElo "2534"]
[TimeControl "180+2"]
[EndTime "14:40:56 PDT"]
[Termination "JSMastropiero won by resignation"]

1. Nf3 Nf6 2. d4 g6 3. Nc3 Bg7 4. e4 d5 5. e5 Ne4 6. Nxe4 dxe4 7. Ng5 c5 8. Bb5+ Nc6 9. Bxc6+ bxc6 10. dxc5 Qa5+ 11.
c3 Qxc5 12. e6 fxe6 13. Be3 Qd5 14. Qa4 O-O 15. Rd1 Qb5 16. Qxe4 e5 17. Qc2 Bf5 18. Qb3+ Qxb3 19. axb3 h6 20. Nf3 Bg4 21. Ra1 Bxf3 22. gxf3 Rxf3 23. Ke2 Rff8 24. Ra6 Rfc8 25. b4 Kf7 26.
Rha1 g5 27. Kf3 Bf6 28. Ke4 h5 29. Rxa7 Rab8 30. Rd7 Ke6 31. Raa7 Rb5 32. Bc5 Re8 33. Rdc7 g4 34. Rxc6+ Kf7 35. Rcc7 h4 36. Rab7 Rxb7 37.
Rxb7 Kg6 38. b5 e6 39. b6 Rc8 40. Rc7 Rb8 41. b7 h3 42. Ba7 Rd8 43. b8=Q Rxb8 1-0

[Event "*** Titled Tuesday Blitz"]
[Site "Chess.com"]
[Date "2018.09.04"]
[Round "5"]
[White "ozates"]
[Black "colemman"]
[Result "0-1"]
[WhiteElo "2382"]
[BlackElo "2475"]
[TimeControl "180+2"]
[EndTime "14:41:01 PDT"]
[Termination "colemman won by resignation"]

1. e4 c5 2. Nf3 e6 3. d4 cxd4 4.
Nxd4 Nf6 5. Nc3 Nc6 6. g3 Bb4 7. Bg2 O-O 8. O-O d5 9. exd5 Bxc3 10. dxc6 Bxd4 11. cxb7 Bxb7 12. Bxb7 Rb8 13. Bg2 Bxb2 14. Bxb2 Rxb2 15. Qc1 Qb6 16. c4 Rc8 17. Rb1 Rxb1 18. Qxb1 Rxc4 19. Qxb6 axb6 20. Rb1 Nd7 21. Bf1 Rc7 22.
Bb5 Nf6 23. Bd3 Nd5 24. Rb2 Kf8 25. Be4 Rc6 26. Rd2 Rc5 27. Rb2 b5 28. Kg2 f5 29.
Bd3 Nc3 30. Rc2 b4 31. Rb2 Nd5 32. Be2 Ke7 33. Bf3 Rb5 34. a4 Rb8 35. a5 Kd6 36. a6 Kc5 37. Rc2+ Kb6 38. Re2 Nc7 39. Rc2 Nxa6 40. Rc6+ Ka5 41. Rxe6 g6 42. Be2 Nc5 43.
Rc6 Rb5 44. Bxb5 Kxb5 45. Rd6 b3 46. Rd1 b2 47. Kf3 Kc4 48. Kf4 Nd3+ 49. Kg5 Nc1 50. Rd8 b1=Q 0-1

[Event "*** Titled Tuesday Blitz"]
[Site "Chess.com"]
[Date "2018.09.04"]
[Round "5"]
[White "Supernotar"]
[Black "Bauxi435"]
[Result "1/2-1/2"]
[WhiteElo "2447"]
[BlackElo "2356"]
[TimeControl "180+2"]
[EndTime "14:41:03 PDT"]
[Termination "Game drawn by agreement"]

1. d4 Nf6 2. c4 e6 3. Nf3 d5 4. e3 a6 5. Nbd2 dxc4 6. Bxc4 b5 7. Bb3 Bb7 8. O-O Nbd7 9. a4 b4 10. a5 c5 11. Qe2 Be7 12. Rd1 O-O 13. Nc4 Qc7 14.
Nfe5 Nxe5 15. dxe5 Nd7 16. f4 Rfd8 17. Bd2 Be4 18.
Be1 Nf8 19. Nb6 Rxd1 20. Rxd1 Rd8 21. Qxa6 Rxd1 22. Bxd1 Qd8 23. Be2 Bh4 24. g3 Be7 25.
Qa7 c4 26. Nxc4 Ba8 27. Nb6 Bc6 28. Nc8 Qxc8 29. Qxe7 Ba8 30. Bxb4 Ng6 31. Qc5 Qb8 32. a6 h6 33. Bb5 Bd5 34. a7 Qb7 35. Bf1 Kh7 36.
h4 h5 37. Qb5 Qxa7 38. Bc5 Qa1 39. b4 Qe1 40. Qe2 Qxg3+ 41. Bg2 Nxh4 42. e4 Bc4 43. Qf2 Qxf2+ 44. Kxf2 Nxg2 45. Kxg2 g5 46. fxg5 Kg6 47. Be7 Bb5 48. Kf3 Bc4 49. Bf6 Bb5 50. Ke3 h4 51.
Kf4 Kh5 52. Be7 Bc6 53. Bc5 Bb5 54. Bf2 Bc6 55. Bg1 Bb5 56. Bh2 Bc6 57. Bg1 Bb5 1/2-1/2

[Event "*** Titled Tuesday Blitz"]
[Site "Chess.com"]
[Date "2018.09.04"]
[Round "5"]
[White "Sanan_Sjugirov"]
[Black "2165149677570"]
[Result "1-0"]
[WhiteElo "2873"]
[BlackElo "2295"]
[TimeControl "180+2"]
[EndTime "14:41:07 PDT"]
[Termination "Sanan_Sjugirov won by resignation"]

1. Nf3 c5 2. c4 Nc6 3. d4 cxd4 4. Nxd4 g6 5. e4 Nf6 6. Nc3 Nxd4 7. Qxd4 d6 8. Be2 Bg7 9. Be3 O-O 10. Qd2 Be6 11. Rc1 Qa5 12. f3 Rfc8 13. b3 Rab8 14. Nd5 Qxd2+ 15. Kxd2 Nxd5 16. cxd5 Bd7 17. a4 a6 18. a5 Bb2 19. Rxc8+ Rxc8 20. Bc4 Bb5 21. Kd3 Ba3 22. Bd2 Bxc4+ 23. bxc4 Bc5 24. Rb1 Rc7 25.
g4 f6 26. f4 h6 27. h4 h5 28. gxh5 gxh5 29. Bc3 Bf2 30. Rh1 Kf7 31. e5 Bg3 32.
e6+ Kf8 33. f5 Bf2 34. Rh2 Bg3 35. Rh3 Bf2 36. Bd2 Kg7 37. Rh2 Bc5 38. Rg2+ Kh7 39. Rg6 Bf2 40. Rh6+ Kg7 41. Rxh5 Rc8 42. Rh6 Rh8 43. Rxh8 Kxh8 44. h5 Bc5 45. Be3 Bb4 46. c5 dxc5 47. Kc4 Bxa5 48. d6 Bd8 49. Bxc5 b5+ 50.
Kd5 exd6 51. Kxd6 a5 52. Kd7 Be7 53. Kxe7 1-0

[Event "*** Titled Tuesday Blitz"]
[Site "Chess.com"]
[Date "2018.09.04"]
[Round "5"]
[White "chesstatour"]
[Black "epccmelech"]
[Result "1-0"]
[WhiteElo "1989"]
[BlackElo "1598"]
[TimeControl "180+2"]
[EndTime "14:41:09 PDT"]
[Termination "chesstatour won on time"]

1. c4 e6 2. d4 f5 3. g3 Bb4+ 4. Nc3 Nf6 5. Bg2 O-O 6. Nh3 c6 7. O-O d5 8. a3 Bxc3 9. bxc3 dxc4 10. a4 Nd5 11. Qc2 Nd7 12. Bf4 N7f6 13. a5 Nxf4 14. Nxf4 Nd5 15. Ra4 Nxf4 16. gxf4 Qh4 17. e3 Rf6 18. f3 Rh6 19. h3 Qg3 20. Kh1 Bd7 21. Rxc4 Rf8 22. Qf2 Qxf2 23. Rxf2 a6 24. Rb2 Bc8 25.
Rc5 Rd8 26. c4 Rf6 27. Re5 Rf7 28. Bf1 Kf8 29. Kg2 Re7 30. Bd3 g6 31. Kf2 Kf7 32. Rd2 Kf6 33. h4 Rc7 34. Rc5 Rd6 35. Be2 Rd8 36. Rb2 Re7 37. Rd2 Kf7 38. e4 Kg7 39.
Ke3 1-0

[Event "*** Titled Tuesday Blitz"]
[Site "Chess.com"]
[Date "2018.09.04"]
[Round "5"]
[White "area_5"]
[Black "Divertissement"]
[Result "1-0"]
[WhiteElo "2581"]
[BlackElo "2531"]
[TimeControl "180+2"]
[EndTime "14:41:10 PDT"]
[Termination "area_5 won by resignation"]

1. b3 e5 2. Bb2 Nc6 3. Nf3 e4 4. Ne5 Nf6 5. e3 Bd6 6. Ng4 Be7 7. Nxf6+ Bxf6 8. Bxf6 Qxf6 9. Nc3 Qe5 10. f4 Qe7 11. Qh5 O-O 12. Bc4 Nb4 13. Rc1 c6 14. a3 d5 15. axb4 dxc4 16. bxc4 Qxb4 17. Nxe4 Qxc4 18. Nd6 Qb4 19. Nxc8 Rfxc8 20. Ke2 Qc4+ 21. Kf2 Rd8 22. Rhd1 Rd5 23. Qf3 a5 24. e4 Rd7 25. d3 Qc3 26. d4 Qc4 27. Qd3 Qe6 28. c4 Qh6 29. Qg3 Rad8 30. d5 cxd5 31. cxd5 b5 32. e5 b4 33. d6 Qe6 34. Qd3 a4 35. Rc4 Rb7 36.
Qe4 Rbb8 37. f5 Qd7 38. e6 fxe6 39. fxe6 Qa7+ 40. Kg3 Rf8 41. e7 Qf2+ 42. Kh3 Rfe8 43. d7 b3 44. dxe8=Q+ Rxe8 45. Rd8 1-0

[Event "*** Titled Tuesday Blitz"]
[Site "Chess.com"]
[Date "2018.09.04"]
[Round "5"]
[White "TST2014"]
[Black "indfraeng"]
[Result "1-0"]
[WhiteElo "2507"]
[BlackElo "1952"]
[TimeControl "180+2"]
[EndTime "14:41:11 PDT"]
[Termination "TST2014 won by checkmate"]

1. d4 Nf6 2. c4 c5 3. d5 e6 4. Nc3 exd5 5. cxd5 d6 6. e4 g6 7. h3 Bg7 8. Nf3 O-O 9. Bd3 a6 10. a4 Nbd7 11. O-O Ne8 12. Bg5 f6 13. Bf4 Ne5 14. Nxe5 dxe5 15. Be3 b6 16. a5 Nd6 17.
axb6 c4 18. Be2 Bb7 19. Qa4 f5 20. f3 Rc8 21. Qb4 f4 22. Bc5 Rf6 23. Bxc4 Nxc4 24. Qxc4 Rxb6 25. b4 Bf8 26. Na4 Rb5 27. Kh1 Qc7 28.
d6+ Qf7 29. Qxf7+ Kxf7 30. Rfd1 Rd8 31. Nc3 Bc6 32. Rxa6 Bb7 33. Ra7 Rxc5 34. Rxb7+ Rc7 35. dxc7 Rc8 36. Rd8 Rxc7 37. Rxc7+ Kf6 38. Nd5+ Kg5 39. Rxf8 Kh4 40. Rxh7+ Kg3 41. Kg1 g5 42. Ne7 g4 43.
Nf5# 1-0